 Dungeon Crawl Stone Soup version 0.23-a0-143-g1adec7b (webtiles) character file.

417 EvilAliv3 the Vexing (level 6, -5/41 HPs)
             Began as a Demonspawn Enchanter on Sept 4, 2018.
             Was a Follower of Makhleb.
             Slain by Duvessa
             ... wielding a +0 rapier
              (14 damage)
             ... on level 4 of the Dungeon.
             The game lasted 00:37:47 (4741 turns).

EvilAliv3 the Vexing (Demonspawn Enchanter)         Turns: 4741, Time: 00:37:48

Health: -5/41      AC:  3    Str:  8    XL:     6   Next: 61%
Magic:  6/10       EV: 12    Int: 16    God:    Makhleb [*.....]
Gold:   219        SH:  7    Dex: 18    Spells: 7/11 levels left

rFire    . . .     SeeInvis .   a - +1 dagger (venom)
rCold    . . .     Gourm    .   g - +2 buckler
rNeg     . . .     Faith    .   p - +0 leather armour
rPois    .         Spirit   .   (helmet restricted)
rElec    .         Reflect  .   (no cloak)
rCorr    .         Harm     .   (no gloves)
MR       .....                  (no boots)
Stlth    +++.......             (no amulet)
HPRegen  0.13/turn              (no ring)
MPRegen  0.12/turn              (no ring)

@: no status effects
A: horns 2, thin skeletal structure 1, powered by pain 1
a: Renounce Religion


You were on level 4 of the Dungeon.
You worshipped Makhleb.
Makhleb was aware of your devotion.
You were hungry.

You visited 1 branch of the dungeon, and saw 4 of its levels.

You collected 219 gold pieces.

Inventory:

Hand Weapons
 a - a +1 dagger of venom (weapon)
Missiles
 c - 2 silver tomahawks
 r - a throwing net (quivered)
 v - 4 tomahawks
Armour
 b - a +0 robe
 g - a +2 buckler (worn)
 p - a +0 leather armour (worn)
Scrolls
 e - 11 scrolls of identify {unknown}
 f - 2 scrolls of fog {unknown}
 h - 4 scrolls of teleportation {unknown}
 j - 3 scrolls of remove curse {unknown}
 l - 2 scrolls of immolation {unknown}
 u - a scroll of blinking {unknown}
Potions
 i - 3 potions of haste {unknown}
 k - 7 potions of curing {unknown}
 m - a potion of lignification {unknown}
 n - a potion of flight {unknown}
 o - a potion of might {unknown}
 s - a potion of mutation {unknown}
 t - 2 potions of heal wounds {unknown}
Comestibles
 d - 4 rations


   Skills:
 + Level 2.5 Short Blades
 + Level 3.0 Dodging
 + Level 3.9 Stealth
 + Level 2.0 Shields
 + Level 3.1 Spellcasting
 + Level 4.2 Hexes


You had 7 spell levels left.
You knew the following spells:

 Your Spells              Type           Power        Failure   Level  Hunger
a - Corona                Hex            ###....      6%          1    #......
b - Confuse               Hex            ###.....     19%         3    ###....

Your spell library contained the following spells:

 Spells                   Type           Power        Failure   Level  Hunger
 Tukima's Dance           Hex            ###.....     19%         3    ###....
 Ensorcelled Hibernation  Hex/Ice        #.....       22%         2    ##.....
 Dazzling Spray           Conj/Hex       #.....       41%         3    ###....


Dungeon Overview and Level Annotations

Branches:
Dungeon (4/15)             Temple (0/1) D:4

Altars:
Elyvilon
Makhleb
Okawaru
Vehumet

Annotations:
D:3 2 runed doors, edsrzf's ghost, amateur HuBe
D:4 Duvessa


Innate Abilities, Weirdness & Mutations

You have a pair of horns on your head.
You have a somewhat thin skeletal structure. (Dex +2, Stealth)
You sometimes gain a little power by taking damage.


Message History

Duvessa closely misses you.
You hit Duvessa but do no damage.
Duvessa looks as sick as possible!
Duvessa is moderately wounded.
Duvessa completely misses you. You block Duvessa's attack.
You hit Duvessa but do no damage.
Duvessa looks as sick as possible!
Duvessa is moderately wounded.
You block Duvessa's attack.
You hit Duvessa but do no damage.
Duvessa looks as sick as possible!
You headbutt Duvessa, but do no damage.
Duvessa is moderately wounded.
Duvessa hits you with a rapier!
You barely miss Duvessa.
Duvessa is heavily wounded.
You block Duvessa's attack.
You hit Duvessa.
Duvessa looks as sick as possible!
Duvessa is severely wounded.
Duvessa hits you with a rapier!
* * * LOW HITPOINT WARNING * * *
Duvessa hits you with a rapier!
You die...

#............. #.
#.♣♣♣.....♣♣♣. #.
#.♣≈≈≈≈≈≈≈≈≈♣. #.
#.♣≈♣.....♣≈♣. #.
##(.≈.......≈.. #e
#...≈......)≈.. #.
#...≈...>...≈..
#.####...≈.......≈..
#.e@.....≈......(≈..
######..♣≈♣.....♣≈♣.
...♣≈≈≈≈≈≈≈≈≈♣.
##.♣♣♣.....♣♣♣. ..
... ..... .## ##
#... .# #.. #.# #<#


You could see Duvessa (berserk).

Vanquished Creatures
  Dowan (D:4)
  A crimson imp (D:3)
  A hound (D:4)
  2 bullfrog skeletons (D:4)
  2 worker ants (D:4)
  4 adders
  5 gnolls
  3 worms
  4 dart slugs
  3 leopard geckos
  10 orcs
  A ball python (D:4)
  8 bats
  5 giant cockroaches
  10 goblins
  11 hobgoblins
  4 jackals (D:2)
  8 kobolds
  10 frilled lizards
  2 jackal skeletons (D:4)
  7 rats
102 creatures vanquished.

Notes
Turn   | Place    | Note
-------+----------+-------------------------------------------
     0 | D:1      | EvilAliv3 the Demonspawn Enchanter began the quest for the
                  | Orb.
     0 | D:1      | Reached XP level 1. HP: 13/13 MP: 3/3
    34 | D:1      | Reached skill level 1 in Short Blades
   222 | D:1      | Gained mutation: You have a pair of small horns on your
                  | head. [demonic ancestry]
   222 | D:1      | Reached XP level 2. HP: 8/19 MP: 1/5
  1057 | D:1      | Reached XP level 3. HP: 22/24 MP: 4/6
  1166 | D:1      | Learned a level 3 spell: Confuse
  1636 | D:2      | Found an iron altar of Okawaru.
  1822 | D:2      | Gained mutation: You have a somewhat thin skeletal
                  | structure. (Dex +2, Stealth) [demonic ancestry]
  1822 | D:2      | Reached XP level 4. HP: 25/30 MP: 1/7
  2135 | D:2      | Reached skill level 1 in Shields
  2754 | D:3      | Found a white marble altar of Elyvilon.
  3075 | D:3      | Found a runed door.
  3085 | D:3      | Noticed edsrzf's ghost (amateur HuBe)
  3166 | D:3      | Found a radiant altar of Vehumet.
  3167 | D:3      | Found a burning altar of Makhleb.
  3203 | D:3      | Became a worshipper of Makhleb the Destroyer
  3433 | D:3      | Gained mutation: You sometimes gain a little power by
                  | taking damage. [demonic ancestry]
  3433 | D:3      | Reached XP level 5. HP: 30/35 MP: 2/8
  3566 | D:3      | Found a runed door.
  4172 | D:4      | Reached skill level 4 in Hexes
  4172 | D:4      | Gained mutation: You have a pair of horns on your head.
                  | [demonic ancestry]
  4172 | D:4      | Reached XP level 6. HP: 33/41 MP: 10/10
  4247 | D:4      | Reached * piety under Makhleb
  4681 | D:4      | Found a staircase to the Ecumenical Temple.
  4718 | D:4      | Noticed Duvessa
  4718 | D:4      | Noticed Dowan
  4728 | D:4      | Killed Dowan
  4741 | D:4      | Slain by Duvessa

Vault maps used:
D:1:      evilmike_arrival_crescent, serial_glass, glass_columns_a,
          glass_columns_b
D:2:      kennysheep_big_flooded_room, nicolae_overflow_hidden_temple
D:3:      grunt_temple_overflow_lords_of_destruction, old_standard_altar,
          ebering_ghost_sewer_f, first_ration
D:4:      minmay_temple_entry_water_ring, uniq_duvessa

Skill      XL: |  1  2  3  4  5  6 |
---------------+-------------------+-----
Short Blades   | 1 2 |  2.5
Dodging        | 2 3 |  3.0
Stealth        | 3 |  3.9
Shields        | 1 2 |  2.0
Hexes          | 4 |  4.2
Spellcasting   | 3 |  3.1

Action                   |  1- 3 |  4- 6 || total
-------------------------+-------+-------++-------
Melee: Dagger            |   125 |   347 ||   472
       Headbutt          |    20 |    66 ||    86
 Cast: Corona            |    23 |    30 ||    53
       Confuse           |     3 |    15 ||    18
Evoke: Wand              |       |     8 ||     8
 Stab: Sleeping          |    12 |    11 ||    23
       Confused          |     2 |     8 ||    10
  Eat: Chunk             |     4 |    11 ||    15
Armor: Robe              |    17 |     6 ||    23
       Leather armour    |       |    29 ||    29
Dodge: Dodged            |    49 |   140 ||   189
Block: Buckler           |    20 |    95 ||   115

Table legend:
 A = Non-vault XP
 B = Vault XP
 C = Vault XP percentage of total XP
 D = Non-vault monster count
 E = Vault monster count
 F = Vault count percentage of total count
                 A         B        C        D         E       F
            +---------+---------+-------+---------+---------+-------
      Total |     483 |     114 |  19.1 |      99 |       3 |   2.9
            +---------+---------+-------+---------+---------+-------
        D:1 |      61 |       0 |   0.0 |      26 |       0 |   0.0
        D:2 |      66 |       1 |   1.5 |      28 |       1 |   3.4
        D:3 |      42 |      44 |  51.2 |      20 |       1 |   4.8
        D:4 |     314 |      69 |  18.0 |      25 |       1 |   3.8
            +---------+---------+-------+---------+---------+-------
